 Dungeon Crawl Stone Soup version 0.26.0-41-g79a4fc7684 (webtiles) character file.

Game seed: 10821678116196453240

14 thiole the Magician (level 2, 0/17 HPs)
             Began as an Octopode Hedge Wizard on Jan 26, 2021.
             Succumbed to an adder's poison
             ... on level 2 of the Dungeon.
             The game lasted 00:01:10 (447 turns).

thiole the Magician (Octopode Hedge Wizard)          Turns: 447, Time: 00:01:11

Health: 0/17       AC:  1    Str:  9    XL:     2   Next: 41%
Magic:  4/6        EV: 13    Int: 16    God:
Gold:   26         SH:  0    Dex: 11    Spells: 6/7 levels left

rFire    . . .     SeeInvis .   a - +0 dagger
rCold    . . .     Faith    .   (no shield)
rNeg     . . .     Spirit   .   b - +0 hat
rPois    .         Reflect  .   (no amulet)
rElec    .         Harm     .   (no ring)
rCorr    .         Rampage  .   (no ring)
Will     .....                  (no ring)
Stlth    +++.......             (no ring)
HPRegen  0.05/turn              (no ring)
MPRegen  0.10/turn              (no ring)
                                (no ring)
                                (no ring)

@: lethally poisoned (0 -> -9)
A: almost no armour, stealthy swim, amphibious, 8 rings, constrict 8, camouflage
1, gelatinous body 1
a: no special abilities


You were on level 2 of the Dungeon.
You visited 1 branch of the dungeon, and saw 2 of its levels.

You collected 26 gold pieces.

Inventory:

Hand Weapons
 a - a +0 dagger (weapon)
Missiles
 d - 5 javelins
Armour
 b - a +0 hat (worn)
Scrolls
 c - a scroll of fear {unknown}


   Skills:
 - Level 2.0 Dodging
 + Level 3.0 Stealth
 + Level 3.1 Spellcasting
 * Level 1.5 Conjurations
 * Level 1.5 Summonings
 - Level 1.0 Translocations


You had 6 spell levels left.
You knew the following spells:

 Your Spells              Type           Power        Failure   Level
a - Magic Dart            Conj           28%          10%         1

Your spell library contained the following spells:

 Spells                   Type           Power        Failure   Level
 Call Imp                 Summ           7%           16%         2
 Blink                    Tloc           N/A          19%         2
 Slow                     Hex            2%           28%         2
 Conjure Flame            Conj/Fire      4%           38%         3
 Mephitic Cloud           Conj/Pois/Air  4%           41%         3


Dungeon Overview and Level Annotations

Branches:
Dungeon (1/15)

Altars:
Gozag
Nemelex Xobeh


Innate Abilities, Weirdness & Mutations

You cannot wear most types of armour.
You are very stealthy in the water. (Stealth+)
You are amphibious.
You can wear up to eight rings at the same time.
You can use your tentacles to constrict eight enemies at once.
Your skin changes colour to match your surroundings (Stealth+).
Your rubbery body absorbs attacks. (AC +1, EV +1)


Message History

You hit the adder but do no damage. Your grab misses the adder.
The adder is moderately wounded.
You feel sick. The adder closely misses you.
You miss the adder. Your grab misses the adder.
The adder is moderately wounded.
The adder closely misses you.
You hit the adder. Your grab misses the adder. Your squeeze misses the adder.
The adder is heavily wounded.
The adder closely misses you. The adder bites you.
* * * LOW HITPOINT WARNING * * *
You miss the adder. Your grab misses the adder.
The adder is heavily wounded.
The adder bites you.
* * * LOW HITPOINT WARNING * * *
You are more poisoned.
The adder poisons you!
Unknown command.
You miss the adder. Your grab misses the adder.
The adder is heavily wounded.
You die...

# ##### ###...##
##.....# .......###
##.....#.## #####
###...#...#####...#
#.................#
#.##.##...#####...#
#.##...##### ##@##
#.##.†##...## #S#
#.##.##..8..## .h.
#....#.......#.....
####.#..._...#......
# #.'.⌠...⌠.#.....#.
#
###..._...##...$#.#
####.#.......####...
# ...'.##..8..##


You could see an adder and a jackal.

Vanquished Creatures
  6 jackals
  A ball python (D:2)
  3 bats (D:2)
  A kobold (D:2)
  A rat (D:2)
12 creatures vanquished.

Notes
Turn   | Place    | Note
-------+----------+-------------------------------------------
     0 | D:1      | thiole the Octopode Hedge Wizard began the quest for the
                  | Orb.
     0 | D:1      | Reached XP level 1. HP: 11/11 MP: 4/4
   177 | D:1      | You fall into a shaft and drop 1 floor!
   317 | D:2      | Reached XP level 2. HP: 17/17 MP: 4/6
   353 | D:2      | Found a sparkling altar of Nemelex Xobeh.
   354 | D:2      | Found an opulent altar of Gozag.
   447 | D:2      | Succumbed to an adder's poison

Illustrated notes

Levels and vault maps discovered:
D:1:      lemuel_arrival_muddy, layout_basic, minmay_misc_feat_five,
          hangedman_abyss_or_decor_stabs
D:2:      layout_loops_corners, grunt_temple_overflow_opulence, uniq_terence

Skill      XL: |  1  2 |
---------------+-------+-----
Stealth        | 3 |  3.0
Dodging        | |  2.0
Spellcasting   | |  3.1
Conjurations   | |  1.5
Summonings     | |  1.5
Translocations | |  1.0

Action                   || total
-------------------------++-------
Melee: Dagger            ||    23
       Constrict         ||     5
       Tentacles         ||     4
 Cast: Magic Dart        ||    16
Armor: Skin              ||     2
Dodge: Dodged            ||    18
